AoeStats
← 帝国的铁汉

Arabia

509593575Analyzed
1v1 RM · 5d ago on Sep 27, 2026· 57m 44s· 2 players
Game mode
Random Map
Map size
Tiny (2 player)
Population
200
Speed
Normal
Resources
Standard
Victory
Conquest
Starting age
Dark Age
Ending age
Imperial Age
RankedLock teamsTeams togetherTeam positionsShared explorationLock speedFull tech treeHidden civsTurbo modeCheats
Victory
Defeat
🇮🇹 Mongols · Italy
1688
+15
🇨🇳 Varangians · China
1676
-15
帝国的铁汉
6:52 Loom
10:00 Feudal Age
22:59 Castle Age
21:07 Fletching
21:48 Double-Bit Axe
22:04 Horse Collar
22:49 Gold Mining
27:49 Bloodlines
29:10 Wheelbarrow
34:20 Imperial Age
32:11 Scale Barding Armor
34:02 Chain Barding Armor
33:50 Husbandry
34:40 Forging
35:12 Bow Saw
35:20 Squires
35:23 Scale Mail Armor
38:37 Chain Mail Armor
37:49 Capped Ram
38:49 Arson
38:51 Gambesons
38:54 Elite Varangian Guard
39:34 Stone Mining
40:46 Iron Casting
42:53 Conscription
44:33 Plate Mail Armor
44:19 Gothikon
47:23 Blast Furnace
48:51 Hand Cart
48:38 Heavy Plow
56:05 Town Watch
56:57 Pikeman
57:55 Bodkin Arrow
58:00 Padded Archer Armor
Malelf
7:35 Loom
9:49 Feudal Age
10:51 Double-Bit Axe
16:40 Horse Collar
19:56 Fletching
24:13 Castle Age
22:06 Gold Mining
22:11 Stone Mining
25:08 Bow Saw
25:35 Bodkin Arrow
29:28 Wheelbarrow
38:39 Imperial Age
36:53 Bloodlines
37:15 Scale Barding Armor
37:40 Guard Tower
38:11 Ballistics
38:20 Husbandry
38:54 Chain Barding Armor
39:16 Heavy Plow
39:33 Hand Cart
39:06 Heavy Camel Rider
40:36 Gold Shaft Mining
40:36 Bracer
41:19 Chain Barding Armor
42:11 Padded Archer Armor
43:41 Chemistry
43:13 Conscription
43:57 Leather Archer Armor
43:53 Forging
43:56 Masonry
43:34 Elite Mangudai
43:59 Light Cavalry
46:06 Iron Casting
44:54 Hussar
45:43 Siege Engineers
45:38 Town Watch
47:10 Parthian Tactics
46:50 Thumb Ring
49:56 Hoardings
50:28 Blast Furnace
50:40 Stone Shaft Mining
53:18 Drill
54:25 Capped Ram
55:52 Fortified Wall
55:37 Murder Holes
57:24 Siege Ram
Connection lost

Rejoining the realm…

Still unreachable

The connection could not be restored.

Session expired

The server has moved on; the page needs a fresh start.